 Dungeon Crawl Stone Soup version 0.18.1-48-g4cf74bf (webtiles) character file.

93 PossumBlood the Magician (level 4, 0/24 HPs)
             Began as a Deep Elf Fire Elementalist on Aug 25, 2016.
             Slain by an orc
             ... wielding a +0 war axe
              (5 damage)
             ... on level 3 of the Dungeon.
             The game lasted 00:06:49 (2213 turns).

PossumBlood the Magician (DEFE)                     Turns: 2213, Time: 00:06:50

Health: 0/24       AC:  7    Str:  5    XL:     4   Next: 37%
Magic:  8/12       EV: 13    Int: 21    God:
Gold:   152        SH:  0    Dex: 15    Spells: 4 memorised, 3 levels left

rFire  . . .     SeeInvis .     h - +0 quarterstaff
rCold  . . .     Gourm    .     a - +0 robe
rNeg   . . .     Faith    .     (shield currently unavailable)
rPois  .         Spirit   .     d - +2 helmet
rElec  .         Dismiss  .     (no cloak)
rCorr  +         Reflect  .     f - +0 pair of gloves
SustAt .         Harm     .     l - +0 pair of boots
MR     .....                    (no amulet)
Stlth  ++........               (no ring)
                                m - ring of resist corrosion

@: not resistant to hostile enchantments, unstealthy
A: no striking features
a: no special abilities


You were on level 3 of the Dungeon.
You were not hungry.

You visited 1 branch of the dungeon, and saw 3 of its levels.

You collected 152 gold pieces.

Inventory:

Hand Weapons
 h - a +0 quarterstaff (weapon)
 i - a +0 dagger
 k - a +0 short sword
Armour
 a - a +0 robe (worn)
 d - a +2 helmet (worn)
 f - a +0 pair of gloves (worn)
 l - a +0 pair of boots (worn)
Jewellery
 m - a ring of resist corrosion (left hand)
Scrolls
 g - a scroll of remove curse
 n - a scroll of identify
Potions
 e - 2 potions of curing
Books
 b - a book of Flames

   Spells                             Type                      Level
   a - Flame Tongue                   Conjuration/Fire             1
   b - Throw Flame                    Conjuration/Fire             2
   c - Conjure Flame                  Conjuration/Fire             3
   d - Inner Flame                    Hexes/Fire                   3
   e - Sticky Flame                   Conjuration/Fire             4
   f - Fireball                       Conjuration/Fire             5
Comestibles
 c - 3 bread rations
 j - a beef jerky


   Skills:
 - Level 2.4 Dodging
 - Level 2.4 Stealth
 + Level 4.6 Spellcasting
 + Level 2.9 Conjurations
 + Level 3.9 Fire Magic


You had 3 spell levels left.
You knew the following spells:

 Your Spells              Type           Power        Failure   Level  Hunger
a - Flame Tongue          Conj/Fire      ###..        2%          1    None
b - Throw Flame           Conj/Fire      ###...       4%          2    #......
c - Conjure Flame         Conj/Fire      ###.....     10%         3    ##.....
d - Inner Flame           Hex/Fire       ##......     17%         3    ##.....


Dungeon Overview and Level Annotations

Branches:
Dungeon (3/15)

Altars:
Pakellas


Message History

The flame tongue misses the orc.
The orc closely misses you. The orc hits you with a war axe!
* * * LOW HITPOINT WARNING * * *
Casting: Flame Tongue
Confirm with . or Enter, or press ? or * to list all spells.
Aiming: Flame Tongue
Press: ? - help, Shift-Dir - straight line, f/p - orc
Aim: an orc, wearing a chain mail (severely wounded)
The flame tongue hits the orc.
The orc is almost dead.
The orc hits you but does no damage.
Casting: Flame Tongue
Confirm with . or Enter, or press ? or * to list all spells.
Aiming: Flame Tongue
Press: ? - help, Shift-Dir - straight line, f/p - orc
Aim: an orc, wearing a chain mail (almost dead)
The flame tongue hits the orc.
You kill the orc!
The orc hits you with a war axe.
You die...

############
#@[#....oo.#
#o##.#####)#
#....# #.#
###### #o#
..ooo.).#
#########


You could see an orc.

Vanquished Creatures
  An orc wizard (D:3)
  3 adders (D:2)
  2 giant geckos (D:1)
  2 orcs (D:3)
  3 giant cockroaches
  4 goblins
  7 hobgoblins
  6 kobolds
  4 bats
  2 giant newts
  A rat (D:2)
35 creatures vanquished.

Vanquished Creatures (others)
  A fire dragon (D:2)
1 creature vanquished.

Grand Total: 36 creatures vanquished

Notes
Turn   | Place    | Note
--------------------------------------------------------------
     0 | D:1      | PossumBlood the Deep Elf Fire Elementalist began the quest for the Orb.
     0 | D:1      | Reached XP level 1. HP: 10/10 MP: 6/6
   345 | D:1      | Reached XP level 2. HP: 15/15 MP: 1/8
  1004 | D:2      | Reached XP level 3. HP: 17/19 MP: 3/10
  1198 | D:2      | Reached skill level 4 in Spellcasting
  1956 | D:2      | Found an oddly glowing altar of Pakellas.
  1956 | D:2      | Noticed a fire dragon
  1977 | D:2      | Killed a fire dragon
  2097 | D:3      | Learned a level 2 spell: Throw Flame
  2101 | D:3      | Learned a level 3 spell: Conjure Flame
  2105 | D:3      | Learned a level 3 spell: Inner Flame
  2118 | D:3      | Reached XP level 4. HP: 24/24 MP: 0/12
  2213 | D:3      | Slain by an orc

Skill      XL: |  1  2  3 |
---------------+----------+-----
Conjurations   | 2 |  2.9
Spellcasting   | 4 |  4.6
Dodging        | |  2.4
Stealth        | |  2.4
Fire Magic     | |  3.9

Action                   |  1- 3 |  4- 6 || total
-------------------------+-------+-------++-------
Melee: Club              |     5 |       ||     5
 Cast: Flame Tongue      |    73 |     5 ||    78
       Throw Flame       |     2 |       ||     2
       Conjure Flame     |     1 |       ||     1
  Use: Scroll            |     7 |       ||     7
       Potion            |     2 |       ||     2
  Eat: Bread ration      |     1 |       ||     1
Armor: Robe              |    14 |     1 ||    15
Dodge: Dodged            |    23 |     3 ||    26
